[Event "SS Manhem Chess Week 2022: Goteborg Open"]
[Site "Schackcentrum, Vegagatan 20, Gothenburg, Sweden"]
[Date "2022.08.12"]
[Round "2.6"]
[White "Pettersson, Anders"]
[Black "Eldh, Hjalmar"]
[Result "1-0"]
[TimeControl "15 minutes + 5 seconds per move from move one (Round 1 - 4) / 90 minutes + 30 seconds per move from move one (Round 5 - 8)"]
[WhiteFideId "1715143"]
[BlackFideId "1767968"]
[WhiteElo "2042"]
[BlackElo "1711"]

1. d4 Nf6 2. c4 g6 3.
Nc3 d5 4. Bf4 Bg7 5. e3 O-O 6.
cxd5 Nxd5 7. Nxd5 Qxd5 8. Bxc7 Nc6 9. Ne2 Bg4 10. f3 Bd7 11. Nc3 Qg5 12. Bf4 Qa5 13. Be2 Rad8 14. O-O e5 15.
dxe5 Nxe5 16. Qc2 Rc8 17. Rfd1 Bf5 18. e4 Qc5+ 19. Kh1 Be6 20. Qd2 Nc4 21. Bxc4 Qxc4 22. Rac1 Bxc3 23. Rxc3 Qxa2 24.
Bh6 Rxc3 25. Qxc3 f6 26. Bxf8 Kxf8 27. Qxf6+ Bf7 28. Rd8# 1-0

[Event "SS Manhem Chess Week 2022: Goteborg Open"]
[Site "Schackcentrum, Vegagatan 20, Gothenburg, Sweden"]
[Date "2022.08.12"]
[Round "2.7"]
[White "Asbrink, Adam"]
[Black "Johansson, Jan"]
[Result "1-0"]
[TimeControl "15 minutes + 5 seconds per move from move one (Round 1 - 4) / 90 minutes + 30 seconds per move from move one (Round 5 - 8)"]
[WhiteFideId "1767410"]
[BlackFideId "1747568"]
[WhiteElo "1977"]
[BlackElo "1666"]

1. d4 Nf6 2. Nc3 d5 3. Bf4 c6 4.
e3 Bf5 5. f3 e6 6. g4 Bg6 7. h4 h5 8. g5 Nfd7 9. Bg3 Qb6 10. Rb1 Na6 11. a3 Nc7 12. Nge2 Be7 13. Nf4 Bh7 14.
Qd2 O-O-O 15. Na4 Bf8 1-0

[Event "SS Manhem Chess Week 2022: Goteborg Open"]
[Site "Schackcentrum, Vegagatan 20, Gothenburg, Sweden"]
[Date "2022.08.12"]
[Round "2.8"]
[White "Persson, Sebastian"]
[Black "Fransson, Lennart"]
[Result "0-1"]
[TimeControl "15 minutes + 5 seconds per move from move one (Round 1 - 4) / 90 minutes + 30 seconds per move from move one (Round 5 - 8)"]
[WhiteFideId "1764187"]
[BlackFideId "1706756"]
[WhiteElo "1631"]
[BlackElo "1958"]

1. d4 Nf6 2. c4 c5 3. Nf3 g6 4. g3 Bg7 5. Bg2 O-O 6. O-O Na6 7. Nc3 d6 8. dxc5 Nxc5 9. Qc2 Bf5 10.
Qd1 Nfe4 11. Nd4 Rc8 12. Nxf5 gxf5 13. Qc2 Nxc3 14. bxc3 Qd7 15. Be3 Na4 16. Rab1 b6 17. Bd4 e5 18.
Be3 Rxc4 19. Rb4 Rfc8 20. Rxc4 Rxc4 21. Bh3 e4 22. Qb3 b5 23. Bd4 Nxc3 24. Bxg7 Kxg7 25. Qb2 Kg8 26. Qd2 Qe6 27.
Re1 Rc5 28. Qg5+ Qg6 29. Qd8+ Kg7 30. Qd7 f4 31. Qxa7 e3 32. fxe3 fxg3 33. hxg3 Qxg3+ 34. Bg2 Qxe1+ 35. Kh2 Rh5+ 36.
Bh3 Qf2+ 0-1

[Event "SS Manhem Chess Week 2022: Goteborg Open"]
[Site "Schackcentrum, Vegagatan 20, Gothenburg, Sweden"]
[Date "2022.08.12"]
[Round "2.10"]
[White "Karlsson, Stefan"]
[Black "Ottgard, Andreas"]
[Result "1/2-1/2"]
[TimeControl "15 minutes + 5 seconds per move from move one (Round 1 - 4) / 90 minutes + 30 seconds per move from move one (Round 5 - 8)"]
[WhiteFideId "1771183"]
[BlackFideId "1730592"]
[WhiteElo "1560"]
[BlackElo "1883"]

1. e4 e6 2. d4 d5 3.
Bb5+ Bd7 4. Bd3 dxe4 5. Bxe4 Bc6 6.
Bf3 Nf6 7. Bg5 Be7 8. c3 O-O 9. Nd2 h6 10. Bh4 Bxf3 11. Ngxf3 Nbd7 12. O-O c5 13. Qb3 b6 14. Bg3 Nd5 15. Nc4 Bf6 16. Bd6 Re8 17.
Nfe5 cxd4 18. cxd4 Nxe5 19. dxe5 Be7 20. Rfd1 Qc8 21. Rac1 Qb7 22. Bxe7 Rxe7 23. Nd6 Qa6 24. a3 Rd8 25.
Qb5 Qxb5 26. Nxb5 f6 27.
f4 Red7 28. g3 g5 29. fxg5 hxg5 30. exf6 Nxf6 31. Rxd7 Rxd7 32. Rc8+ Kf7 33. b4 a5 34. bxa5 bxa5 35. Ra8 Rd2 36. Ra7+ Kg6 37. Rxa5 Ra2 38. Ra6 Kf7 39. Nd6+ Ke7 40.
Nc8+ Kd7 41. Nb6+ Ke7 42. Ra4 Kd6 43. Nc4+ Kc5 44. Ne3 Nd5 45. Nxd5 exd5 46. Ra5+ Kc4 1/2-1/2

[Event "SS Manhem Chess Week 2022: Goteborg Open"]
[Site "Schackcentrum, Vegagatan 20, Gothenburg, Sweden"]
[Date "2022.08.12"]
[Round "2.11"]
[White "Kosmidis, Thomas"]
[Black "Lindholm, Marcus"]
[Result "0-1"]
[TimeControl "15 minutes + 5 seconds per move from move one (Round 1 - 4) / 90 minutes + 30 seconds per move from move one (Round 5 - 8)"]
[WhiteFideId "1753380"]
[BlackFideId "1743473"]
[WhiteElo "1673"]
[BlackElo "1666"]

1. d4 d5 2. c4 c6 3. cxd5 cxd5 4.
Nc3 Nc6 5. Nf3 Nf6 6. h3 e6 7. Bg5 Qb6 8. Rb1 Ne4 9. Be3 Bb4 10. Rc1 Qa5 11. Qb3 Bd7 12. a3 Bxc3+ 13. bxc3 Qb6 14.
Qa2 Na5 15. Nd2 Nxd2 16. Bxd2 Rc8 17. e3 Nc4 18. Rb1 Qa6 19. Bd3 Bb5 20. Bc1 Nd6 21. Bxb5+ Nxb5 22. Bd2 Nxc3 23. Bxc3 Rxc3 24.
Qb2 Rxa3 25. Qb4 Ra2 26. Rb2 Ra4 27. Qc5 Rc4 0-1

[Event "SS Manhem Chess Week 2022: Goteborg Open"]
[Site "Schackcentrum, Vegagatan 20, Gothenburg, Sweden"]
[Date "2022.08.12"]
[Round "2.13"]
[White "Stedman, Theodor"]
[Black "Rasti, Arvin"]
[Result "0-1"]
[TimeControl "15 minutes + 5 seconds per move from move one (Round 1 - 4) / 90 minutes + 30 seconds per move from move one (Round 5 - 8)"]
[WhiteFideId "1756230"]
[BlackFideId "1741160"]
[WhiteElo "1474"]
[BlackElo "2156"]

1. e4 c6 2. d4 d5 3. exd5 cxd5 4. Bd3 Nf6 5. Nf3 Bg4 6. O-O e6 7. Re1 Nc6 8. c3 Bd6 9. h3 Bh5 10. Bg5 Qc7 11. Nbd2 h6 12. Be3 O-O 13. Nf1 Ne4 14. Bxe4 dxe4 15.
g4 Bg6 16. Nh4 Bh7 17. Qd2 f5 18. gxf5 exf5 19. Ng2 f4 20. Nxf4 Bxf4 21. Bxf4 Qxf4 22. Qxf4 Rxf4 23. Ng3 Raf8 24. Re2 Bf5 25. Nxf5 R8xf5 26. b4 Ne7 27. Rae1 Rg5+ 28. Kh2 Nf5 29. Rg1 Rh5 30. Kg2 Rg5+ 31. Kh2 Rh5 32. Kg2 Nh4+ 33. Kg3 g5 34. Rge1 Nf5+ 35.
Kg2 g4 36. h4 Nd6 37. Kg3 Rhf5 38. a4 Kf7 39. Rc1 Rf3+ 40. Kxg4 h5# 0-1

[Event "SS Manhem Chess Week 2022: Goteborg Open"]
[Site "Schackcentrum, Vegagatan 20, Gothenburg, Sweden"]
[Date "2022.08.12"]
[Round "2.14"]
[White "Ghaderi, Jamal"]
[Black "Johansson, William"]
[Result "0-1"]
[TimeControl "15 minutes + 5 seconds per move from move one (Round 1 - 4) / 90 minutes + 30 seconds per move from move one (Round 5 - 8)"]
[WhiteFideId "1744178"]
[BlackFideId "1744070"]
[WhiteElo "1411"]
[BlackElo "2015"]

1. c4 c6 2. Nc3 d5 3. g3 d4 4. Ne4 Bf5 5. Bg2 e5 6. d3 Nd7 7. Nd2 Ngf6 8. Qb3 Nc5 9. Qc2 a5 10.
Ngf3 e4 11. dxe4 Nfxe4 12. O-O Nxg3 13. Qd1 Nxf1 14. Nxf1 d3 15. Ne5 Be7 16. Nxc6 bxc6 17. Bxc6+ Bd7 18. Bxa8 Qxa8 19. exd3 Bh3 20.
Ne3 O-O 21. Nd5 Bd6 22. Qh5 Qc8 23. Bf4 Bg4 24. Qh4 Qd8 25. Qxg4 Nxd3 26. Bh6 Be5 27. Rd1 Nxb2 28. Rb1 Kh8 29.
Bc1 Nd3 30. Bg5 Qd6 31. Be7 Qh6 32. h3 Rg8 33. Rb7 Qc1+ 34. Kg2 Ne1+ 35. Kf1 Nc2+ 36. Kg2 Ne1+ 37. Kf1 Nd3+ 38. Kg2 Qd2 39.
Bh4 Ne1+ 40. Kf1 Nc2 41. Rxf7 Qd3+ 42. Qe2 Qxh3+ 43. Kg1 Qh2+ 44. Kf1 Qh1# 0-1

[Event "SS Manhem Chess Week 2022: Goteborg Open"]
[Site "Schackcentrum, Vegagatan 20, Gothenburg, Sweden"]
[Date "2022.08.12"]
[Round "2.15"]
[White "Hammar, Arvid"]
[Black "Westman, Lennart"]
[Result "1-0"]
[TimeControl "15 minutes + 5 seconds per move from move one (Round 1 - 4) / 90 minutes + 30 seconds per move from move one (Round 5 - 8)"]
[WhiteFideId "1735977"]
[BlackFideId "1718690"]
[WhiteElo "1384"]
[BlackElo "1655"]

1. c4 e6 2. d4 Bb4+ 3. Bd2 a5 4. a3 Be7 5. Nc3 Nf6 6. e4 O-O 7. e5 Ne8 8. Nf3 f6 9. Bd3 f5 10.
Qc2 b6 11. h4 Bb7 12. O-O-O c5 13. d5 exd5 14. cxd5 Rf7 15. Ng5 Bxg5 16. Bxg5 Qc7 17. d6 Qc6 18. Bc4 Kf8 19. Bxf7 Kxf7 20.
Qxf5+ Kg8 21. Be7 h6 22. Nd5 Na6 23. Qg6 Qa4 24. Nf6+ Nxf6 25. exf6 Qc4+ 26. Qc2 Qf4+ 27. Rd2 Be4 28. Qc4+ Kh7 29. g3 Qf5 30.
f7 Nb4 31. f8=N+ Rxf8 32. axb4 Bxh1 33. Bxf8 Qxf8 34. bxc5 bxc5 35.
Qxc5 Bc6 36. Re2 a4 37. f4 Qf6 38. Re5 Qg6 39. Qc2 Qxc2+ 40. Kxc2 Kg6 41. g4 Kf6 42. g5+ hxg5 43. hxg5+ Kg6 44. Kc3 Kf7 45. Kd4 Kg6 46.
Re3 Kf5 47. Re1 Kxf4 48. g6 Kg5 49. Rg1+ Kf6 50. Kc5 Be4 51. Kb6 Bf5 52. Kc7 Ke6 53. Re1+ Kf6 54. Rf1 Kxg6 55. Rxf5 Kxf5 56.
Kxd7 g5 57. Ke7 g4 58. d7 1-0

[Event "SS Manhem Chess Week 2022: Goteborg Open"]
[Site "Schackcentrum, Vegagatan 20, Gothenburg, Sweden"]
[Date "2022.08.12"]
[Round "2.16"]
[White "Shchetinin, Oleg"]
[Black "Ghaderi, Noan"]
[Result "1/2-1/2"]
[TimeControl "15 minutes + 5 seconds per move from move one (Round 1 - 4) / 90 minutes + 30 seconds per move from move one (Round 5 - 8)"]
[WhiteFideId "1740210"]
[BlackFideId "1747096"]
[WhiteElo "1643"]
[BlackElo "1367"]

1. d4 d5 2. Bf4 Nf6 3. Nf3 Bf5 4.
e3 e6 5.
Nbd2 c5 6. c3 c4 7. Qa4+ Nbd7 8. b3 cxb3 9. axb3 Be7 10. Qb5 Qc8 11. c4 O-O 12. Nh4 Bg6 13. Nxg6 fxg6 14. h3 a6 15.
Qa4 Nb6 16. Qa2 Nh5 17. Be5 Nd7 18. Be2 Nhf6 19. O-O Nxe5 20. dxe5 Ne4 21. cxd5 exd5 22. Nxe4 dxe4 23. Bc4+ Kh8 24.
Rac1 Qf5 25. Qb2 Bh4 26. e6 Rae8 27. Rcd1 b5 28. Rd7 Bf6 29. g4 Bxb2 30. gxf5 Rxf5 31. Rfd1 Bf6 32. Bd5 h6 33.
Bxe4 Re5 34. Bxg6 Rg5+ 35. Kf1 Rxg6 36. R1d6 Be5 37. Rxa6 Rgxe6 38. Raa7 Bf6 39. Rab7 Re5 40. Ke2 Rf5 41.
f3 Rfe5 42. e4 Rc5 43. Rd3 Rh5 44. Rdd7 Rxh3 45. Rxb5 Rh2+ 46. Kd3 Rd8 47. Rxd8+ Bxd8 48. Rb8 Kh7 49. Rxd8 Rb2 50. Kc4 h5 51. Rd5 Kh6 52. b4 h4 53. b5 Rb1 54. Rd6+ g6 55. Rd8 Kh7 56. Kc5 Rc1+ 57. Kb6 h3 58.
Rd2 Rc3 59. f4 Rf3 60. Rh2 Kg7 61. Kc7 Rxf4 62. Rxh3 Rxe4 63. b6 Re7+ 64. Kb8 Re1 65. b7 Rb1 66. Rc3 Kh6 67. Kc7 Kh5 68. b8=Q Rxb8 69. Kxb8 g5 70. Rc5 Kh4 71. Kc7 g4 72. Kd6 g3 73. Re5 g2 74.
Re1 Kh3 1/2-1/2

[Event "SS Manhem Chess Week 2022: Goteborg Open"]
[Site "Schackcentrum, Vegagatan 20, Gothenburg, Sweden"]
[Date "2022.08.12"]
[Round "2.17"]
[White "Torres, Lucas"]
[Black "Sundin, Sven-Ingvar"]
[Result "0-1"]
[TimeControl "15 minutes + 5 seconds per move from move one (Round 1 - 4) / 90 minutes + 30 seconds per move from move one (Round 5 - 8)"]
[WhiteFideId "1769464"]
[BlackFideId "1724517"]
[WhiteElo "1331"]
[BlackElo "1637"]

1. e4 c5 2. c3 d5 3. exd5 Qxd5 4. d4 cxd4 5. cxd4 Nc6 6. Nf3 Nf6 7. Nc3 Qd8 8. Be3 e6 9. Bd3 Be7 10. O-O O-O 11. h3 b6 12.
Qe2 Bb7 13. Rfd1 Nb4 14. Bb5 a6 15. Ba4 b5 16. Bb3 Nbd5 17. Nxd5 Nxd5 18. Bxd5 Bxd5 19. a3 Qd7 20. Rac1 Rfc8 21.
Ne5 Qe8 22. Qg4 f6 23. Bh6 g6 24. Nf3 Qf7 25. Qf4 g5 26. Nxg5 fxg5 27. Bxg5 Qxf4 28. Bxf4 Kf7 29. Be5 Bf6 30.
f4 Bxe5 31. dxe5 Rc4 32. f5 Rxc1 33. Rxc1 exf5 34. Rc7+ Ke6 35. Rxh7 Kxe5 36. Rh5 Be4 37. Rh6 a5 38. Rb6 Bd3 39.
Kf2 f4 40. Kf3 a4 41. Kg4 Rg8+ 42. Kf3 Be4+ 43. Kf2 Rxg2+ 44. Kf1 Rxb2 45. h4 Kd4 46. h5 Ke3 0-1

[Event "SS Manhem Chess Week 2022: Goteborg Open"]
[Site "Schackcentrum, Vegagatan 20, Gothenburg, Sweden"]
[Date "2022.08.12"]
[Round "2.18"]
[White "Persson, Michael"]
[Black "Imani Lasaki, Hamed"]
[Result "0-1"]
[TimeControl "15 minutes + 5 seconds per move from move one (Round 1 - 4) / 90 minutes + 30 seconds per move from move one (Round 5 - 8)"]
[WhiteFideId "1764179"]
[BlackFideId "1766970"]
[WhiteElo "1267"]
[BlackElo "1577"]

1. d4 d5 2. c4 e6 3. a3 g6 4. Nc3 Bg7 5. e3 Nf6 6. Nf3 O-O 7. Bd3 Nbd7 8. O-O c5 9. Re1 Re8 10.
cxd5 exd5 11. Bb5 c4 12. Bxd7 Bxd7 13. b4 Bg4 14. h3 Be6 15. Bb2 a6 16. Rb1 b5 17. a4 Bd7 18. Ne5 Rb8 19.
axb5 axb5 20. Ra1 Ra8 21. Qf3 Be6 22. Nc6 Qd6 23. Ne5 Rxa1 24. Rxa1 Qxb4 25. Qe2 Nd7 26. Nc6 Qd6 27. Na7 b4 28.
Ncb5 Qb6 29. Qe1 c3 30. Bc1 Bf5 31. Nxc3 bxc3 32. Bd2 cxd2 33. Qxd2 Ra8 34. Qc1 Rxa7 35. Rb1 Qxb1 36. Qxb1 Bxb1 0-1

[Event "SS Manhem Chess Week 2022: Goteborg Open"]
[Site "Schackcentrum, Vegagatan 20, Gothenburg, Sweden"]
[Date "2022.08.12"]
[Round "2.19"]
[White "Braby, Berth S"]
[Black "Andreasson, Henrik"]
[Result "0-1"]
[TimeControl "15 minutes + 5 seconds per move from move one (Round 1 - 4) / 90 minutes + 30 seconds per move from move one (Round 5 - 8)"]
[WhiteFideId "1715836"]
[BlackFideId "1766082"]
[WhiteElo "1566"]
[BlackElo "1126"]

1. e4 c5 2. Nf3 d6 3. d4 cxd4 4. Nxd4 Nc6 5. Bb5 Bd7 6. O-O Nxd4 7. Bxd7+ Qxd7 8. Qxd4 e5 9. Qd1 Nf6 10.
Nc3 Be7 11. Re1 Rc8 12. Bg5 h6 13. Bxf6 Bxf6 14. Nd5 Qe6 15. c3 O-O 16. Nxf6+ Qxf6 17. Qd2 Rfd8 18. Rad1 Rc6 19. Re3 Ra6 20.
a3 Qe6 21. Qd5 Qxd5 22. Rxd5 f6 23. Red3 Kf7 24. c4 Ke6 25. c5 Rc6 26. b4 b6 27.
cxb6 axb6 28. f3 Rc2 29. Rb5 Rc6 30. Rbd5 Rc2 31. Rd2 Rxd2 32. Rxd2 Rc8 33. Rd3 Rc2 34.
Kf1 g6 35. h3 h5 36. Kg1 h4 37. Kf1 f5 38. exf5+ gxf5 39. Kg1 d5 40. Kf1 d4 41.
Kg1 Rc3 42. Rd2 Rxa3 43. f4 Rc3 44. fxe5 Kxe5 45. Re2+ Kd5 46. Rf2 Ke5 47. Re2+ Re3 48. Rd2 Ke4 49. Kf2 Rc3 50. Re2+ Kd5 51. Rd2 Kc4 52.
b5 d3 53. Ke3 Rb3 54. Kf3 Kc3 55. Ke3 f4 0-1

[Event "SS Manhem Chess Week 2022: Goteborg Open"]
[Site "Schackcentrum, Vegagatan 20, Gothenburg, Sweden"]
[Date "2022.08.12"]
[Round "3.1"]
[White "Kasib, Laith"]
[Black "Heimisson, Hilmir Freyr"]
[Result "0-1"]
[TimeControl "15 minutes + 5 seconds per move from move one (Round 1 - 4) / 90 minutes + 30 seconds per move from move one (Round 5 - 8)"]
[WhiteTitle "FM"]
[BlackTitle "IM"]
[WhiteFideId "4801059"]
[BlackFideId "2309998"]
[WhiteElo "2051"]
[BlackElo "2323"]

1. Nf3 d5 2. g3 Nf6 3. Bg2 e6 4. d3 c5 5. Nbd2 Nc6 6. O-O Be7 7. e4 O-O 8. e5 Nd7 9. Re1 b5 10. h4 Qb6 11.
Nf1 Bb7 12. N1h2 Rfc8 13. Ng4 Qd8 14. Bg5 h6 15. Bf4 Bf8 16. Qd2 a5 17. h5 a4 18. a3 Ra6 19. Ngh2 Nd4 20. Nxd4 cxd4 21.
Nf3 Bc5 22. Bh3 Rac6 23. g4 Bb6 24. Rec1 Qc7 25. Bxh6 Nxe5 26. Nxe5 Qxe5 27. Re1 Qf6 28. Bg5 Qf3 29. Bg2 Qxg4 30.
Rac1 Qxh5 31. Bf4 Qg4 32. f3 Qh4 33. Bg5 Ba5 34. Qxa5 Qxg5 35. c4 dxc4 36. dxc4 Rxc4 37. Rxc4 Rxc4 38.
Re2 Bxf3 39. Qxb5 0-1

[Event "SS Manhem Chess Week 2022: Goteborg Open"]
[Site "Schackcentrum, Vegagatan 20, Gothenburg, Sweden"]
[Date "2022.08.12"]
[Round "3.2"]
[White "Jacobsen, Mikkel Manosri"]
[Black "Pettersson, Anders"]
[Result "1-0"]
[TimeControl "15 minutes + 5 seconds per move from move one (Round 1 - 4) / 90 minutes + 30 seconds per move from move one (Round 5 - 8)"]
[WhiteTitle "FM"]
[WhiteFideId "1444514"]
[BlackFideId "1715143"]
[WhiteElo "2320"]
[BlackElo "2042"]

1. d4 d5 2. c4 e6 3. Nf3 a6 4. e3 Nf6 5. b3 Be7 6.
Bd3 O-O 7. O-O b6 8. Bb2 Bb7 9. Qe2 Nbd7 10. Rd1 Ne4 11. Nbd2 Ndf6 12. Ne5 Nxd2 13. Qxd2 Ne4 14. Qc2 f6 15.
cxd5 Qxd5 16. Bc4 Qd6 17. Nf3 Qd7 18. Bd3 Qd5 19. Qxc7 Bd6 20. Qxb6 Rab8 21. Bxe4 1-0

[Event "SS Manhem Chess Week 2022: Goteborg Open"]
[Site "Schackcentrum, Vegagatan 20, Gothenburg, Sweden"]
[Date "2022.08.12"]
[Round "3.3"]
[White "Asbrink, Adam"]
[Black "Nygren, Kim"]
[Result "0-1"]
[TimeControl "15 minutes + 5 seconds per move from move one (Round 1 - 4) / 90 minutes + 30 seconds per move from move one (Round 5 - 8)"]
[BlackTitle "CM"]
[WhiteFideId "1767410"]
[BlackFideId "1706136"]
[WhiteElo "1977"]
[BlackElo "2229"]

1. d4 Nf6 2. Nc3 e6 3. Bf4 c5 4.
d5 Qa5 5. Bd2 Qb6 6. e4 d6 7. dxe6 Bxe6 8. Nge2 Nc6 9. Nf4 O-O-O 10. Nxe6 fxe6 11. g3 h5 12. Bh3 Nd4 13. Be3 Kb8 14.
Rb1 Ng4 15. Bxd4 cxd4 16. Ne2 Nxf2 17. Kxf2 d3+ 18. Kg2 dxe2 19. Qxe2 d5 20. Rhd1 h4 21. exd5 exd5 22. Qe6 Bd6 23.
Rxd5 hxg3 24. hxg3 Rhe8 25. Qg4 Qc6 26. c4 Re3 27. Kg1 Rde8 28. Bg2 Rxg3 29. Qd4 Re2 30. Kf1 Rgxg2 31. Rxd6 Qf3+ 0-1

[Event "SS Manhem Chess Week 2022: Goteborg Open"]
[Site "Schackcentrum, Vegagatan 20, Gothenburg, Sweden"]
[Date "2022.08.12"]
[Round "3.4"]
[White "Fransson, Lennart"]
[Black "Wahlstrom, Lennart"]
[Result "1-0"]
[TimeControl "15 minutes + 5 seconds per move from move one (Round 1 - 4) / 90 minutes + 30 seconds per move from move one (Round 5 - 8)"]
[WhiteFideId "1706756"]
[BlackFideId "1706829"]
[WhiteElo "1958"]
[BlackElo "2115"]

1. e4 e5 2. Nf3 Nc6 3.
Bc4 Nf6 4. Ng5 d5 5. exd5 Na5 6.
Bb5+ Bd7 7. Be2 Nxd5 8. d4 Be7 9. Nf3 exd4 10. Nxd4 Nc6 11. Nf3 Be6 12. O-O O-O 13. Bd2 Bf6 14.
Qc1 Re8 15. c4 Ndb4 16. Bc3 Bg4 17. Bd1 Nd3 18. Qd2 Bxf3 19. Bxf3 Bg5 20. Qc2 Ncb4 21. Bxb4 Nxb4 22. Qb3 Nc6 23.
Qxb7 Nd4 24. Qxa8 Qxa8 25. Bxa8 Nc2 26. Bc6 Rb8 27. Nc3 Nxa1 28. Rxa1 Rxb2 29. Rb1 Rd2 30. Rb8+ Bd8 31. Kf1 g6 32.
Nd5 1-0

[Event "SS Manhem Chess Week 2022: Goteborg Open"]
[Site "Schackcentrum, Vegagatan 20, Gothenburg, Sweden"]
[Date "2022.08.12"]
[Round "3.5"]
[White "Ottgard, Andreas"]
[Black "Eriksson, Joel"]
[Result "0-1"]
[TimeControl "15 minutes + 5 seconds per move from move one (Round 1 - 4) / 90 minutes + 30 seconds per move from move one (Round 5 - 8)"]
[WhiteFideId "1730592"]
[BlackFideId "1729233"]
[WhiteElo "1883"]
[BlackElo "1949"]

1. c4 b6 2. Nc3 Bb7 3. e4 e6 4.
g3 f5 5.
Bg2 Nf6 6. d3 Bb4 7. Nge2 fxe4 8. O-O O-O 9. dxe4 Nc6 10. h3 Rb8 11. Be3 Qe7 12. a3 Bc5 13. Qd2 Bxe3 14. Qxe3 Na5 15.
Qd3 Nb3 16. Rad1 Nc5 17. Qc2 a5 18.
Nd4 d6 19. Rfe1 e5 20. Nf5 Qf7 21.
Ne3 Ne6 22. Ned5 Nd4 23. Qd3 Nd7 24. Nxc7 Qxf2+ 25. Kh1 Nc5 26. Qe3 Qxe3 27. Rxe3 Rf2 28. b4 axb4 29. axb4 Ncb3 30. N3b5 Rc8 31.
Rxb3 Nxb3 32. Rxd6 Rcf8 33. Rxb6 Rxg2 34. Kxg2 Bxe4+ 35. Kg1 Nd2 36. Nd6 Rf1+ 37. Kh2 Rh1# 0-1

[Event "SS Manhem Chess Week 2022: Goteborg Open"]
[Site "Schackcentrum, Vegagatan 20, Gothenburg, Sweden"]
[Date "2022.08.12"]
[Round "3.6"]
[White "Lindholm, Marcus"]
[Black "Karlsson, Stefan"]
[Result "1-0"]
[TimeControl "15 minutes + 5 seconds per move from move one (Round 1 - 4) / 90 minutes + 30 seconds per move from move one (Round 5 - 8)"]
[WhiteFideId "1743473"]
[BlackFideId "1771183"]
[WhiteElo "1666"]
[BlackElo "1560"]

1. d4 Nf6 2. a3 a6 3. Bg5 g6 4. Bxf6 exf6 5. c4 d6 6. Nf3 Bg7 7. Nc3 f5 8. e3 O-O 9. b4 c6 10.
Rc1 Re8 11. c5 f4 12. e4 dxc5 13. bxc5 Qa5 14. Qd2 Bg4 15. Bc4 Nd7 16. Qxf4 Nf6 17. e5 Bxf3 18. Qxf3 Re7 19. O-O Ne8 20.
Ne4 Rd8 21. Nd6 Nxd6 22. cxd6 Red7 23. e6 Rxd6 24. Qxf7+ Kh8 25. e7 Qf5 26. e8=Q+ Rxe8 27. Qxe8+ Qf8 28. Qxf8+ Bxf8 29. Rfd1 Rf6 30. d5 Bxa3 31. d6 Bxd6 32.
Rb1 b5 33. Be2 Bc5 34. Bf3 Ba3 35. Rd8+ Kg7 36. Ra1 b4 37. Rc8 c5 38. Rxc5 Bb2 39. Ra2 Bc3 40. Rc6 Rf5 41. Raxa6 b3 42. Rxc3 b2 43. Rb3 Rc5 44. g4 Rc1+ 45. Kg2 b1=Q 46.
Rxb1 Rxb1 47. g5 Rb5 48. Ra7+ Kh8 49.
h4 h5 50. Be4 Rb6 51. Rc7 Kg8 52. Rc6 Rb4 53. f3 Kf7 54. Rxg6 Rxe4 55. fxe4 Kxg6 56. Kf3 Kf7 57. Kf4 Ke6 58. e5 Ke7 59. Kf5 Kf7 60. e6+ Ke7 61. g6 Ke8 62. Kf6 Kf8 63. e7+ Ke8 64. g7 Kd7 65. g8=Q 1-0

[Event "SS Manhem Chess Week 2022: Goteborg Open"]
[Site "Schackcentrum, Vegagatan 20, Gothenburg, Sweden"]
[Date "2022.08.12"]
[Round "3.8"]
[White "Johansson, William"]
[Black "Sundin, Sven-Ingvar"]
[Result "1-0"]
[TimeControl "15 minutes + 5 seconds per move from move one (Round 1 - 4) / 90 minutes + 30 seconds per move from move one (Round 5 - 8)"]
[WhiteFideId "1744070"]
[BlackFideId "1724517"]
[WhiteElo "2015"]
[BlackElo "1637"]

1. d4 Nf6 2. Nf3 d5 3. c3 e6 4.
Bf4 Bd6 5. e3 b6 6. Bb5+ c6 7. Bd3 Bb7 8. Nbd2 O-O 9. O-O c5 10. Ne5 Nc6 11. Bg3 Ne7 12. f4 Nf5 13. Bf2 Be7 14.
g4 Nd6 15. Bh4 Nfe4 16. Bxe7 Qxe7 17. Bxe4 Nxe4 18. Rf3 f6 19. Nd3 c4 20. Nf2 b5 21. Nfxe4 dxe4 22. Rg3 f5 23. g5 g6 24.
h4 Bc6 25. b3 cxb3 26. axb3 a5 27. c4 bxc4 28. Nxc4 Bd5 29. Ne5 Bxb3 30. Qxb3 Rfb8 31. Qa2 a4 32. Nc6 1-0

[Event "SS Manhem Chess Week 2022: Goteborg Open"]
[Site "Schackcentrum, Vegagatan 20, Gothenburg, Sweden"]
[Date "2022.08.12"]
[Round "3.9"]
[White "Degerfeldt, Sven"]
[Black "Persson, Sebastian"]
[Result "0-1"]
[TimeControl "15 minutes + 5 seconds per move from move one (Round 1 - 4) / 90 minutes + 30 seconds per move from move one (Round 5 - 8)"]
[WhiteFideId "1717430"]
[BlackFideId "1764187"]
[WhiteElo "1842"]
[BlackElo "1631"]

1. d4 d5 2. c4 c6 3. Nf3 Nf6 4.
Nc3 e6 5. e3 Bd6 6. a3 a5 7. b3 O-O 8. Bd3 Nbd7 9. Qc2 Re8 10. O-O dxc4 11. bxc4 e5 12. dxe5 Nxe5 13. Nxe5 Bxe5 14.
f4 Bb8 15. Kh1 Ba7 16. Ne4 Ng4 17. c5 Qh4 18. g3 Qh5 19. h4 Qd5 20. Kg1 Bf5 21. Nf6+ Nxf6 22. Bxf5 Bxc5 23. Bb2 Rxe3 24.
Kh2 Rae8 25. Rf2 Nh5 26. Rg2 g6 27. Bg4 Ng7 28. Bxg7 Kxg7 29. Rd1 Bd4 0-1

[Event "SS Manhem Chess Week 2022: Goteborg Open"]
[Site "Schackcentrum, Vegagatan 20, Gothenburg, Sweden"]
[Date "2022.08.12"]
[Round "3.10"]
[White "Mohammed, Safian Haj"]
[Black "Hammar, Arvid"]
[Result "0-1"]
[TimeControl "15 minutes + 5 seconds per move from move one (Round 1 - 4) / 90 minutes + 30 seconds per move from move one (Round 5 - 8)"]
[WhiteFideId "1729276"]
[BlackFideId "1735977"]
[WhiteElo "1794"]
[BlackElo "1384"]

1. e4 e5 2. Nf3 Nc6 3. Bb5 Nf6 4. O-O d6 5. Re1 Be7 6.
c3 O-O 7. h3 a6 8. Ba4 b5 9. Bb3 Na5 10. Bc2 c5 11.
d4 exd4 12. cxd4 cxd4 13. Nxd4 Nc4 14. b3 Ne5 15. f4 Ng6 16. Be3 Bd7 17. Nd2 b4 18. N2f3 a5 19. e5 Nd5 20. Ne2 Nxe3 21.
Qd2 Qb6 22. Kh1 Rac8 23. Bd3 Rfd8 24. Ned4 dxe5 25. fxe5 Nd5 26. Bf5 Bxf5 27. Nxf5 Nc3 28. Qb2 Bc5 29. h4 h5 30. Qc1 Re8 31.
Qg5 Qc6 32. Qxh5 Nf4 33. Qg4 Qg6 34. Qxf4 Nd5 35. Qe4 Nf6 36. Qb1 Ng4 37. N5d4 Nf2+ 38. Kh2 Ng4+ 39. Kh3 Nf2+ 40. Kh2 Ng4+ 41.
Kg1 Bxd4+ 42. Nxd4 Qxb1 43. Raxb1 Nxe5 44. Nb5 Rc5 45. Nd6 Re6 46. Ne4 Rc2 47. Ng5 Re7 48. Rbd1 g6 49. Rd5 f6 50.
Ne4 Kg7 51. Rxa5 f5 52. Ng5 Ng4 53. Rxe7+ Kf8 54. Rb7 Rc1# 0-1